Map: Interloper

Players

Jason

  • Race: Terran Terran
  • League: Grandmaster
  • Spawn Location: 11:00

Rob - Winner!

  • Race: Protoss Protoss
  • League: Grandmaster
  • Spawn Location: 5:00

VOD

Have the link to the VOD?

Description

Time

  • Played on: May 14, 2019, 11:19 a.m.
  • Length: 16:36
Show
View Real Time Build Order
Export as new Build Order

Jason Terran 

Build Orders: Reaper Expand 

Get SALT Encoding   

  12  0:00  SCV  
  13  0:12  SCV  
  14  0:17  Supply Depot  
  14  0:25  SCV  
  15  0:39  SCV  
  15  0:40  Barracks  
  16  0:44  Refinery  
  16  0:51  SCV  
  17  1:03  SCV  
  18  1:15  SCV  
  19  1:28  Reaper, Orbital Command  
  20  1:44  Command Center  
  20  1:53  SCV  
  21  2:00  Marine  
  22  2:04  Factory  
  22  2:06  SCV  
  23  2:13  Supply Depot  
  23  2:20  Barracks Reactor  
  23  2:25  Refinery  
  23  2:35  SCV  
  23  2:36  Barracks  
  24  2:47  SCV  
  25  2:56  Starport  
  25  2:57  Marine x2  
  26  3:00  Orbital Command  
  26  3:01  SCV  
  27  3:06  Factory Tech Lab  
  27  3:14  Marine x2  
  29  3:22  SCV  
  29  3:26  Barracks Tech Lab  
  29  3:32  Marine  
  29  3:33  SCV  
  30  3:34  SCV  
  30  3:35  Marine  
  30  3:48  SCV  
  30  3:50  Marine  
  32  3:56  Marine  
  32  3:58  Marine  
  32  3:59  Stimpack  
  32  4:01  SCV  
  32  4:02  SCV  
  36  4:06  Raven  
  38  4:13  Supply Depot  
  38  4:14  SCV  
  39  4:20  SCV  
  39  4:21  Marine x2  
  42  4:26  SCV  
  42  4:30  Barracks  
  43  4:32  SCV  
  43  4:37  Factory Reactor  
  43  4:38  SCV  
  45  4:39  Marauder  
  45  4:45  SCV, Bunker  
  48  4:50  SCV  
  48  4:52  Marine x2  
  47  4:57  SCV  
  49  5:02  SCV  
  49  5:06  Starport Reactor  
  50  5:08  Refinery  
  50  5:09  SCV, Marauder  
  50  5:10  Engineering Bay  
  50  5:13  Marine  
  54  5:19  Supply Depot  
  54  5:21  Supply Depot  
  54  5:34  Combat Shield  
  54  5:36  SCV x2, Marauder  
  54  5:37  Terran Infantry Weapons Level 1  
  54  5:39  Marine  
  54  5:40  Marine  
  62  5:43  Marauder  
  62  5:48  SCV x2  
  68  5:50  Widow Mine x2  
  68  5:54  Supply Depot  
  68  5:59  Medivac  
  68  6:00  SCV x2  
  68  6:03  Marine  
  73  6:08  Marauder  
  73  6:10  Marauder  
  77  6:11  Marine  
  77  6:15  SCV  
  79  6:19  Supply Depot  
  79  6:20  Supply Depot  
  78  6:30  Widow Mine  
  80  6:32  SCV  
  80  6:33  SCV  
  80  6:37  Marauder, Marine x2  
  80  6:39  Medivac  
  86  6:41  Medivac  
  86  6:44  Widow Mine  
  86  6:45  Marauder  
  90  6:49  Supply Depot  
  90  6:52  SCV  
  91  6:54  Marine x2  
  91  6:58  Marine  
  91  7:00  Concussive Shells  
  94  7:08  Marine  
  94  7:14  Command Center  
  92  7:16  Marauder  
  92  7:17  Marine x2  
  92  7:21  SCV x2  
  98  7:26  Marauder, Barracks  
  98  7:29  Barracks  
  87  7:46  Widow Mine  
  85  7:53  Widow Mine  
  85  7:58  Marine  
  79  7:59  Marauder  
  79  8:00  Marine x2  
  82  8:06  SCV  
  82  8:08  Widow Mine  
  75  8:14  SCV, Widow Mine  
  75  8:16  Marine  
  75  8:17  Barracks Tech Lab x2  
  75  8:18  Marine  
  75  8:19  Marauder  
  82  8:20  Marauder  
  82  8:21  Refinery  
  82  8:24  SCV  
  82  8:25  Medivac x2  
  82  8:26  SCV  
  90  8:30  Terran Infantry Armor Level 1  
  90  8:36  SCV  
  90  8:38  Marine x2  
  90  8:39  Marauder  
  90  8:40  Marauder  
  97  8:41  Widow Mine  
  97  8:42  SCV, Widow Mine  
  97  8:44  Orbital Command  
  97  8:46  Sensor Tower  
  102  9:01  SCV  
  102  9:02  SCV, Marine x2  
  106  9:04  Widow Mine  
  106  9:09  Supply Depot  
  108  9:10  SCV  
  108  9:14  SCV x2, Marine  
  108  9:15  Marauder x2, Marine  
  117  9:22  SCV  
  118  9:25  Ghost Academy  
  118  9:26  SCV  
  118  9:27  SCV, Refinery  
  118  9:28  Starport, Refinery  
  120  9:32  Marine  
  120  9:33  Viking  
  120  9:34  Viking, SCV  
  120  9:37  Marine  
  120  9:38  Marauder, SCV  
  130  9:39  SCV  
  130  9:40  Marauder  
  133  9:52  SCV x3, Supply Depot  
  136  9:53  Supply Depot  
  136  9:55  Ghost x2  
  136  9:58  Sensor Tower  
  140  10:05  Supply Depot  
  140  10:08  SCV, Supply Depot  
  140  10:13  SCV, Ghost x2  
  146  10:15  Supply Depot  
  146  10:17  Engineering Bay  
  146  10:19  Armory  
  146  10:24  Supply Depot, Ghost, Marine x2  
  148  10:29  Marine  
  148  10:32  Widow Mine  
  151  10:40  Viking  
  151  10:41  Ghost  
  151  10:42  Marine x2  
  154  10:50  Supply Depot  
  154  10:52  Supply Depot  
  154  10:53  Ghost x2  
  153  11:01  Ghost  
  155  11:07  Marine  
  155  11:09  SCV x2  
  155  11:10  Ghost  
  160  11:12  Missile Turret  
  160  11:20  Viking  
  160  11:21  Ghost  
  160  11:22  Marauder  
  166  11:32  Liberator  
  164  11:35  Liberator  
  162  11:48  Marine x3  
  162  11:49  Marauder x2  
  162  11:50  Marine  
  162  11:54  Command Center  
  179  11:56  Terran Infantry Weapons Level 2  
  176  12:06  Marine x2  
  176  12:07  Marauder  
  176  12:08  Marine, Widow Mine  
  182  12:10  Marauder, Marine  
  185  12:22  Viking x2  
  186  12:24  Marine  
  186  12:25  Marine  
  186  12:26  Marauder  
  186  12:27  Marine  
  186  12:28  Marauder  
  186  12:29  Terran Infantry Armor Level 2, Widow Mine  
  195  12:32  Viking  
  195  12:35  Marine  
  198  12:41  Marine  
  198  12:43  Viking  
  199  12:49  Marine  
  200  12:51  Terran Ship Weapons Level 1  
  200  12:52  Missile Turret  
  200  12:55  Missile Turret  
  200  13:05  Starport, Barracks  
  200  13:06  Barracks x2  
  200  13:09  Missile Turret  
  200  13:20  Sensor Tower  
  198  13:27  Personal Cloaking  
  198  13:29  Planetary Fortress  
  189  13:49  Viking  
  189  13:50  Viking, Marine x2  
  189  13:51  Marauder  
  189  13:53  Viking  
  197  14:13  Marine  
  197  14:14  Marine  
  196  14:21  Viking x2, Marauder  
  188  14:27  Viking  
  188  14:28  Viking  
  188  14:29  Marine x2  
  188  14:30  Marauder  
  185  14:33  Marine x2  
  185  14:36  Barracks Tech Lab x3  
  185  14:37  Medivac  
  189  14:41  SCV x2  
  189  14:42  Marauder  
  189  14:44  SCV  
  194  14:47  Marine  
  194  14:51  Marine  
  196  14:54  Marine x2  
  196  14:55  Marauder, Missile Turret, Refinery  
  196  14:56  Refinery  
  200  15:12  Viking, SCV  
  200  15:13  Medivac  
  183  15:23  Ghost x2  
  183  15:25  Marauder, Marine x2  
  179  15:29  Marine x3  
  179  15:30  Marauder, Medivac x2  
  179  15:34  Medivac  
  186  15:42  Marine  
  186  15:43  Marine  
  186  15:47  Marauder x2, Marine x2  
  161  15:53  Marine x2  
  161  15:54  Marauder  
  161  15:56  Medivac  
  146  16:00  Marine x2  
  127  16:05  Marauder, Marine  
  127  16:08  Marine x2  
  129  16:11  Marauder, Marine  
  129  16:15  Marauder  
  129  16:18  Marine x2  
Show
View Real Time Build Order
Export as new Build Order

Rob Protoss - Winner!

Build Orders: 1 Gate Expand, Oracle Opening, Blink Stalkers 

Get SALT Encoding   

  12  0:00  Probe  
  13  0:12  Probe  
  14  0:19  Pylon  
  14  0:24  Probe  
  15  0:33  Probe  
  15  0:37  Gateway  
  15  0:41  Probe  
  17  0:50  Assimilator  
  17  0:51  Probe  
  18  1:03  Probe  
  19  1:15  Probe  
  20  1:26  Nexus  
  20  1:35  Cybernetics Core  
  20  1:36  Probe  
  21  1:42  Assimilator  
  21  1:49  Pylon  
  21  1:56  Probe  
  22  2:01  Adept  
  22  2:08  Probe  
  22  2:12  Warp Gate  
  25  2:20  Probe  
  26  2:26  Adept  
  26  2:32  Probe  
  29  2:38  Probe  
  29  2:41  Stargate  
  30  2:45  Probe  
  30  2:48  Adept  
  30  2:50  Probe  
  32  2:57  Probe  
  33  3:02  Probe  
  36  3:09  Probe  
  36  3:11  Twilight Council  
  37  3:14  Probe  
  38  3:21  Probe  
  39  3:28  Probe  
  39  3:33  Probe  
  41  3:40  Probe  
  42  3:42  Blink  
  42  3:45  Oracle, Probe  
  43  3:52  Probe  
  45  3:57  Probe  
  46  4:05  Probe  
  46  4:09  Probe  
  46  4:10  Shield Battery  
  46  4:12  Gateway  
  46  4:14  Gateway  
  46  4:17  Pylon  
  46  4:21  Pylon  
  46  4:31  Gateway  
  46  4:32  Probe x2  
  46  4:33  Gateway  
  46  4:36  Stalker  
  48  4:38  Gateway  
  48  4:40  Gateway  
  48  4:41  Robotics Facility  
  48  4:45  Probe x2  
  50  4:49  Assimilator  
  50  4:51  Assimilator  
  50  4:57  Probe x2  
  52  5:06  Stalker  
  54  5:07  Stalker  
  54  5:09  Probe x2  
  54  5:13  Stalker  
  60  5:16  Pylon  
  60  5:17  Pylon  
  60  5:21  Observer  
  60  5:28  Charge  
  61  5:35  Stalker x3  
  65  5:39  Stalker, Gateway  
  69  5:44  Stalker  
  69  5:48  Stalker  
  69  5:49  Zealot  
  75  6:07  Stalker  
  75  6:11  Pylon  
  77  6:12  Nexus  
  74  6:34  Stalker x6  
  86  6:41  Pylon x3  
  86  6:49  Templar Archives  
  86  6:51  Forge  
  86  7:00  Probe  
  86  7:01  Probe  
  88  7:08  Zealot x3  
  88  7:09  Zealot x4  
  102  7:20  Pylon  
  102  7:21  Pylon  
  92  7:40  Zealot x8  
  88  7:46  Probe  
  88  7:47  Probe  
  80  7:52  Probe  
  77  7:59  Probe  
  77  8:01  Zealot x4  
  77  8:03  Stalker  
  82  8:14  Probe x3  
  85  8:22  Psionic Storm  
  85  8:26  Probe x2  
  87  8:28  High Templar  
  87  8:29  High Templar x6  
  87  8:30  Protoss Ground Weapons Level 1  
  102  8:38  Assimilator  
  102  8:40  Archon x2  
  102  8:41  Archon  
  101  8:42  Assimilator  
  101  8:54  Zealot  
  103  9:03  Stalker x3  
  103  9:04  Zealot x4  
  114  9:25  Robotics Facility  
  114  9:27  High Templar x2, Nexus  
  114  9:28  Observer, Zealot x4  
  126  9:32  Pylon  
  127  9:40  Zealot x2  
  127  9:45  Forge  
  131  9:49  Zealot  
  131  9:52  Zealot, Pylon  
  135  9:53  High Templar x2, Pylon  
  139  10:04  Zealot  
  141  10:11  Pylon  
  141  10:14  Protoss Ground Armor Level 1  
  141  10:18  Robotics Bay  
  141  10:19  Protoss Ground Weapons Level 2  
  141  10:20  Pylon  
  141  10:43  Pylon  
  139  10:52  Pylon  
  139  11:00  Colossus x2  
  149  11:16  Stalker x8  
  163  11:20  Extended Thermal Lance  
  155  11:43  Zealot x8  
  167  11:47  Probe x3  
  168  11:54  Colossus  
  168  11:57  Disruptor  
  177  12:06  High Templar x2  
  177  12:07  Zealot x5  
  189  12:15  Protoss Ground Armor Level 2  
  181  12:28  Observer  
  181  12:29  Zealot x6  
  191  12:31  Probe x3  
  194  12:40  Zealot x2  
  194  12:43  Dark Shrine  
  198  13:05  Gateway  
  198  13:06  Gateway x2  
  198  13:11  High Templar, Gateway  
  200  13:19  Gateway  
  200  13:26  Protoss Ground Weapons Level 3  
  200  13:28  Pylon  
  200  13:30  Pylon  
  196  13:34  Observer  
  196  13:36  Disruptor  
  193  13:50  Assimilator  
  193  13:52  Assimilator  
  193  13:54  Observer, Disruptor  
  195  13:56  Nexus  
  195  13:59  Pylon  
  195  14:12  Disruptor  
  177  14:24  Stalker x8  
  177  14:25  Stalker x4  
  183  14:34  High Templar  
  185  14:46  Probe x4  
  185  14:50  Disruptor x2  
  195  14:58  Probe  
  196  15:03  Pylon  
  196  15:04  Pylon  
  130  15:30  Disruptor x2  
  130  15:32  Stalker  
  130  15:33  Stalker x12  
Tags
 
Add a new tag
Caveats
  • Supply blocks, unpowered buildings, or Contaminate may cause inaccurate times.
  • Supply counts are checked every 10 seconds.